 Dungeon Crawl Stone Soup version 0.26.0-15-gc6cd9f700b (webtiles) character file.

Game seed: 14406049756114378349

297 Phong the Digger (level 6, -1/36 HPs)
             Began as an Octopode Earth Elementalist on Jan 16, 2021.
             Killed from afar by an orc wizard (7 damage)
             ... with a magic dart
             ... on level 4 of the Dungeon.
             The game lasted 00:08:57 (4281 turns).

Phong the Digger (Octopode Earth Elementalist)      Turns: 4281, Time: 00:08:57

Health: -1/36      AC:  1    Str:  7    XL:     6   Next: 35%
Magic:  7/10       EV: 28    Int: 20    God:
Gold:   221        SH:  0    Dex: 12    Spells: 1/11 levels left

rFire    . . .     SeeInvis .   l - +0 dagger
rCold    . . .     Faith    .   (no shield)
rNeg     . . .     Spirit   .   (helmet restricted)
rPois    .         Reflect  .   n - amulet of the acrobat
rElec    .         Harm     .   (no ring)
rCorr    .         Rampage  .   (no ring)
Will     .....                  (no ring)
Stlth    +++.......             (no ring)
HPRegen  0.12/turn              (no ring)
MPRegen  0.12/turn              (no ring)
                                (no ring)
                                (no ring)

@: acrobat
A: almost no armour, stealthy swim, amphibious, 8 rings, constrict 8, camouflage
1, gelatinous body 1
a: no special abilities


You were on level 4 of the Dungeon.
You visited 2 branches of the dungeon, and saw 5 of its levels.

You collected 221 gold pieces.

Inventory:

Hand Weapons
 l - a +0 dagger (weapon)
Missiles
 b - 104 stones
 d - 12 poisoned darts
Jewellery
 n - an amulet of the acrobat (around mantle)
Scrolls
 a - a scroll of blinking {unknown}
 c - a scroll of remove curse {unknown}
 e - a scroll of magic mapping
 g - a scroll of amnesia {unknown}
 h - a scroll of teleportation {unknown}
 i - a scroll of random uselessness {unknown}
Potions
 f - a potion of curing
 j - a potion of heal wounds {unknown}
 k - a potion of mutation
 m - a potion of lignification {unknown}


   Skills:
 + Level 0.1 Fighting
 - Level 2.0 Short Blades
 - Level 0.2 Maces & Flails
 - Level 2.0 Dodging
 - Level 3.0 Stealth
 - Level 0.5 Unarmed Combat
 + Level 3.2 Spellcasting
 - Level 2.0 Conjurations
 + Level 1.0 Transmutations
 + Level 5.1 Earth Magic


You had one spell level left.
You knew the following spells:

 Your Spells              Type           Power        Failure   Level
a - Sandblast             Erth           46%          1%          1
b - Passwall              Tmut/Erth      12%          6%          2
c - Stone Arrow           Conj/Erth      34%          10%         3
d - Petrify               Tmut/Erth      15%          36%         4

Your spell library contained the following spells:

 Spells                   Type           Power        Failure   Level
 Lee's Rapid Deconstruct  Erth           11%          43%         5


Dungeon Overview and Level Annotations

Branches:
Dungeon (4/15)             Temple (1/1) D:4

Altars:
Ashenzari
Cheibriados
Dithmenos
Elyvilon
Gozag
Hepliaklqana
Kikubaaqudgha
Makhleb
Nemelex Xobeh
Okawaru
Qazlal
Ru
Sif Muna
Trog
Uskayaw
Vehumet
Wu Jian
Xom
Zin
The Shining One


Innate Abilities, Weirdness & Mutations

You cannot wear most types of armour.
You are very stealthy in the water. (Stealth+)
You are amphibious.
You can wear up to eight rings at the same time.
You can use your tentacles to constrict eight enemies at once.
Your skin changes colour to match your surroundings (Stealth+).
Your rubbery body absorbs attacks. (AC +1, EV +1)


Message History

Unknown command.
Unknown command.
Unknown command.
Unknown command.
Unknown command.
Unknown command.
Unknown command.
Unknown command.
Unknown command.
Unknown command.
Unknown command.
Unknown command.
Unknown command.
You release your grip on the orc wizard.
The orc wizard misses you. The orc wizard completely misses you.
Unknown command.
Unknown command.
The orc wizard gestures at you while chanting.
The magic dart hits you!
You die...

.... ... #...#.# .# ####
#...#.####.#
...##########..........#
##.............##.###..#
#..######## #..oo.....#
##.......... #.#..###.##
...#.###### # #......#
...#...####.##.#@###..#
.#####.........#.# #.)#
...#...####.####.# #..#
##.#.######.# #.# #..#
#...........# #.# #..#
#..########.# #.# #.##
#..##### #.# #.# #.#
#......# #.# #.# #.#
#..###.# #.####.# #.#


You could see 2 orc wizards.

Vanquished Creatures
  A phantom (D:4)
  An ogre (D:4)
  A worker ant (D:4)
  4 adders
  2 worms (D:2)
  2 dart slugs
  2 leopard geckos
  An orc (D:4)
  5 giant cockroaches
  5 goblins
  2 hobgoblins
  4 quokkas
  9 bats
  4 frilled lizards
  5 kobolds
  13 rats
61 creatures vanquished.

Notes
Turn   | Place    | Note
-------+----------+-------------------------------------------
     0 | D:1      | Phong the Octopode Earth Elementalist began the quest for
                  | the Orb.
     0 | D:1      | Reached XP level 1. HP: 11/11 MP: 3/3
   283 | D:1      | Reached XP level 2. HP: 16/17 MP: 5/5
   286 | D:1      | Learned a level 2 spell: Passwall
   836 | D:1      | You fall into a shaft and drop 1 floor!
  1441 | D:2      | Reached XP level 3. HP: 15/21 MP: 6/6
  1445 | D:2      | Learned a level 3 spell: Stone Arrow
  1561 | D:2      | Reached skill level 4 in Earth Magic
  2131 | D:2      | Found a sacrificial altar of Ru.
  2436 | D:3      | Found a shimmering altar of Xom.
  2568 | D:3      | Reached XP level 4. HP: 16/27 MP: 4/7
  2799 | D:3      | Found a hazy altar of Hepliaklqana.
  2957 | D:3      | Found a burning altar of Makhleb.
  2960 | D:3      | Found a radiant altar of Vehumet.
  2963 | D:3      | Found a shadowy altar of Dithmenos.
  3224 | D:3      | Reached skill level 1 in Conjurations
  3357 | D:4      | Reached skill level 1 in Short Blades
  3357 | D:4      | Reached XP level 5. HP: 11/31 MP: 6/8
  3585 | D:4      | Noticed a phantom
  3623 | D:4      | Killed a phantom
  3736 | D:4      | Noticed an ogre
  3741 | D:4      | Killed an ogre
  3742 | D:4      | Reached skill level 5 in Earth Magic
  3742 | D:4      | Reached XP level 6. HP: 15/36 MP: 5/10
  3786 | D:4      | Learned a level 4 spell: Petrify
  4002 | D:4      | Found a staircase to the Ecumenical Temple.
  4011 | Temple   | Entered the Ecumenical Temple
  4281 | D:4      | Killed from afar by an orc wizard

Illustrated notes

Levels and vault maps discovered:
D:1:      elethiomel_arrival_diamonds, layout_basic,
          chequers_serial_rivers_small_b
D:2:      layout_basic, nicolae_ru_path_of_blood, serial_corexii_hall,
          chequers_hall_statues_y, chequers_hall_statues_corner_a
D:3:      layout_basic, nicolae_overflow_crystal_walls,
          grunt_temple_overflow_diamond, lemuel_statue_altar
D:4:      layout_loops_ring, doesnt_xom_only_xom, minmay_temple_entry_poolview
Temple:   nicolae_temple_great_sept

Skill      XL: |  1  2  3  4  5 |
---------------+----------------+-----
Stealth        | 3 |  3.0
Earth Magic    | 4 5 |  5.1
Conjurations   | 1 2 |  2.0
Short Blades   | 1 2 |  2.0
Spellcasting   | 3 |  3.2
Fighting       | |  0.1
Maces & Flails | |  0.2
Dodging        | |  2.0
Unarmed Combat | |  0.5
Transmutations | |  1.0

Action                   |  1- 3 |  4- 6 || total
-------------------------+-------+-------++-------
Melee: Unarmed           |    20 |       ||    20
       Constrict         |    28 |    12 ||    40
       Club              |    49 |       ||    49
       Tentacles         |    11 |     4 ||    15
       Dagger            |    23 |    53 ||    76
 Cast: Sandblast         |     4 |    18 ||    22
  Use: Scroll            |     4 |     1 ||     5
 Stab: Sleeping          |    13 |     5 ||    18
Armor: Skin              |     8 |     4 ||    12
Dodge: Dodged            |    63 |    55 ||   118
